 Dungeon Crawl Stone Soup version 0.21-a0-578-gc6e9d75 (webtiles) character file.

38914 Lanoc the Fencer (level 13, 0/119 HPs)
             Began as a Minotaur Monk on Dec 18, 2017.
             Was the Champion of Okawaru.
             Slain by an unseen horror (5 damage)
             ... on level 15 of the Dungeon.
             The game lasted 00:52:25 (14711 turns).

Lanoc the Fencer (Minotaur Monk)                   Turns: 14711, Time: 00:52:26

Health: 0/119      AC: 15    Str: 17    XL:     13   Next: 66%
Magic:  0/12       EV: 23    Int: 14    God:    Okawaru [******]
Gold:   841        SH:  0    Dex: 24    Spells: 12/12 levels left

rFire    . . .     SeeInvis +   h - +3 great sword (freeze)
rCold    . . .     Gourm    .   (shield currently unavailable)
rNeg     . . .     Faith    +   m - +2 troll leather armour {Snorg}
rPois    .         Spirit   +   k - +0 hat {Int+3}
rElec    .         Reflect  .   q - scarf {Spirit}
rCorr    .         Harm     .   G - +2 pair of gloves
MR       .....                  N - +1 pair of boots
Stlth    ++........             l - amulet of faith
HPRegen  0.69/turn              a - +5 ring of dexterity
MPRegen  0.13/turn              A - ring of Tetha {AC+1 Int+4 Dex+2 SInv}

@: about to teleport
A: retaliatory headbutt, horns 2
a: Heroism, Finesse, Renounce Religion


You were on level 15 of the Dungeon.
You worshipped Okawaru.
Okawaru was exalted by your worship.
You were not hungry.

You visited 2 branches of the dungeon, and saw 16 of its levels.
You also visited: Labyrinth.

You collected 911 gold pieces.
You spent 70 gold pieces at shops.

Inventory:

Hand Weapons
 g - a +0 longbow of flaming
 h - a +3 great sword of freezing (weapon)
 K - a +1 triple sword of flaming
 S - a +2 antimagic scimitar
 V - a +2 triple sword of holy wrath
Missiles
 J - 268 arrows
Armour
 d - a +1 ring mail of fire resistance
 k - a +0 hat of intelligence (worn)
 m - a +2 troll leather armour (worn) {Snorg}
 q - a scarf of spirit shield (worn)
 u - a +1 scale mail of magic resistance
 G - a +2 pair of gloves (worn)
 N - a +1 pair of boots (worn)
 O - a +2 chain mail of cold resistance
 R - +0 steam dragon scales
Jewellery
 a - a +5 ring of dexterity (left hand)
 e - a +6 ring of evasion
 l - an amulet of faith (around neck)
 w - an uncursed ring of poison resistance
 A - the ring of Tetha (right hand) {AC+1 Int+4 Dex+2 SInv}
   (You found it on level 4 of the Dungeon)

   [ring of protection]

   It affects your AC (+1).
   It affects your intelligence (+4).
   It affects your dexterity (+2).
   It lets you see invisible.
 D - an uncursed ring of protection from fire
 L - a +3 amulet of reflection {unknown}
 U - a +2 amulet of reflection {unknown}
Wands
 f - a wand of enslavement (4)
 s - a wand of iceblast (33)
 P - a wand of polymorph (15)
 Q - a wand of digging (8)
Scrolls
 b - a scroll of enchant armour
 p - 3 scrolls of enchant weapon
 r - a scroll of magic mapping
 t - 11 scrolls of remove curse
 z - a scroll of teleportation
 T - a scroll of brand weapon
 X - a scroll of fog {unknown}
 Y - 2 scrolls of amnesia
Potions
 i - 2 potions of haste
 j - 2 potions of might
 n - 2 potions of agility
 v - 2 potions of lignification
 x - a potion of magic
 B - 9 potions of curing
 E - 2 potions of invisibility
 F - 5 potions of heal wounds
 H - a potion of resistance
 W - a potion of ambrosia {unknown}
Books
 y - a book of Misfortune

   Spells                             Type                      Level
   a - Confusing Touch                Hexes                        1
   b - Confuse                        Hexes                        3
   c - Gell's Gravitas                Translocation                3
   d - Petrify                        Transmutation/Earth          4
   e - Metabolic Englaciation         Hexes/Ice                    5
   f - Yara's Violent Unravelling     Hexes/Transmutation          5
 C - a book of Minor Magic

   Spells                             Type                      Level
   a - Magic Dart                     Conjuration                  1
   b - Blink                          Translocation                2
   c - Call Imp                       Summoning                    2
   d - Slow                           Hexes                        2
   e - Conjure Flame                  Conjuration/Fire             3
   f - Mephitic Cloud                 Conjuration/Poison/Air       3
 I - Sif Muna's Handbook of Moulding and Toxins
   (You found it in a labyrinth)

   Spells                             Type                      Level
   a - Sting                          Conjuration/Poison           1
   b - Ice Form                       Ice/Transmutation            4
   c - Olgreb's Toxic Radiance        Poison                       4
   d - Irradiate                      Conjuration/Transmutation    5
   e - Statue Form                    Transmutation/Earth          6
 M - a book of Summonings

   Spells                             Type                      Level
   a - Recall                         Summoning/Translocation      3
   b - Aura of Abjuration             Summoning                    5
   c - Summon Demon                   Summoning                    5
   d - Summon Forest                  Summoning/Translocation      5
   e - Summon Mana Viper              Hexes/Summoning              5
   f - Shadow Creatures               Summoning                    6
Comestibles
 c - 22 rations
 o - 8 chunks of flesh


   Skills:
 + Level 12.8 Fighting
 * Level 15.5 Long Blades
 + Level 8.8 Bows
 + Level 12.3 Armour
 + Level 11.9 Dodging
 - Level 1.5 Stealth


You had 12 spell levels left.
You didn't know any spells.

Dungeon Overview and Level Annotations

Branches:
Dungeon (15/15)            Temple (1/1) D:4            Lair (0/6) D:11
    Orc (0/2) D:11         Vaults (0/5) D:13         Depths (0/5) D:15

Altars:
Ashenzari
Cheibriados
Dithmenos
Elyvilon
Fedhas
Gozag
Hepliaklqana
Kikubaaqudgha
Makhleb
Nemelex Xobeh
Okawaru
Qazlal
Ru
Sif Muna
Trog
Uskayaw
Vehumet
Wu Jian
Xom
Yredelemnul
Zin
The Shining One
Beogh

Shops:
D:4 ?!   D:8 }**?*   D:12 [=[


Innate Abilities, Weirdness & Mutations

You reflexively headbutt those who attack you in melee.
You have a pair of horns on your head.


Message History

The efreet gestures at you.
The fireball explodes!
The fireball engulfs you!
A deep elf mage comes into view. It is wielding a long sword.
An ogre mage comes into view. It is wielding a war axe.
The ogre mage gestures at you while chanting.
You resist with significant effort.
The deep elf mage gestures wildly while chanting.
The ettin hits you with a dire flail!
* * * LOW HITPOINT WARNING * * *
The ettin hits you with a dire flail!!
* * * LOW HITPOINT WARNING * * *
An unseen horror comes into view.
The unseen horror misses you. You furiously retaliate!
You headbutt the unseen horror, but do no damage.
You riposte.
You closely miss the unseen horror. You headbutt the unseen horror.
The unseen horror is lightly wounded.
As you read the scroll of teleportation, it crumbles to dust.
You feel strangely unstable. The unseen horror hits you.
You die...

#.####..... . #......#### #
#.. #..###.# #. #.. #<.# #.#
.## .######..##..###.# ....
................####
..$....###...................
.......()..#######....#######
.......#...x@........)#
.......#.#C#######....####
.#.....#...#.####....<...####
......C#e....#...............
#.....#...#O......#.###.####
#.§R...###.####...#.# #.#
#.§E###...#..>#..##.# #.# #.
###.....#)##### #.#
#.#...#[....# #.#


You could see an ettin, a deep elf mage and an unseen horror (invisible).

Vanquished Creatures
  Snorg (D:10)
  A minotaur (Lab)
  4 slime creatures
  A vault guard (D:13)
  A hydra (D:14)
  Harold (D:10)
  2 centaur warriors
  8 two-headed ogres
  2 ogre magi
  A shadow wraith (D:13)
  2 unseen horrors (D:11)
  A deep troll (D:15)
  A necromancer (D:14)
  A wolf spider zombie (D:12)
  2 orc knights (D:11)
  2 deep elf magi (D:15)
  2 ugly things
  3 cyclopes
  Maurice (D:10)
  A centaur zombie (D:14)
  The ghost of SpeedyPerson7 the Cleaver, a novice MiBe of Trog (D:6)
  Psyche (D:10)
  Joseph (D:7)
  2 gargoyles
  2 komodo dragons
  3 meliai (D:14)
  3 trolls
  A wolf spider simulacrum (D:14)
  A hornet (D:8)
  2 hippogriffs
  2 centaur simulacra (D:14)
  3 shadows
  A human (D:14)
  A wraith (D:10)
  28 yaks
  2 hungry ghosts
  A steam dragon (D:12)
  3 wargs (D:11)
  A water moccasin (D:8)
  8 orc warriors
  A hornet zombie (D:8)
  3 ice beasts
  4 phantoms
  A necrophage (D:9)
  6 sky beasts
  9 ogres
  10 centaurs
  2 big kobolds (D:13)
  10 bullfrogs
  A wyvern zombie (D:14)
  A water moccasin zombie (D:11)
  3 scorpions
  8 killer bees
  10 wights
  6 howler monkeys
  3 bullfrog zombies
  3 crimson imps
  7 hounds
  A quasit (D:8)
  10 centaur skeletons
  3 jellies
  8 orc priests
  8 orc wizards
  Jessica (D:2)
  6 bullfrog skeletons
  Terence (D:3)
  4 iguanas
  6 worker ants
  Robin (D:2)
  8 gnolls
  15 adders
  An ooze (D:4)
  An adder zombie (D:8)
  3 worms
  2 dart slugs
  2 leopard geckos (D:7)
  49 orcs
  3 bats
  2 giant cockroaches
  8 goblins
  9 hobgoblins
  12 jackals
  11 kobolds
  4 quokkas
  A ball python (D:3)
  5 frilled lizards
  A leopard gecko skeleton (D:5)
  A quokka skeleton (D:4)
  A quokka zombie (D:7)
  4 rats
385 creatures vanquished.

Notes
Turn   | Place    | Note
-------+----------+-------------------------------------------
     0 | D:1      | Lanoc the Minotaur Monk began the quest for the Orb.
     0 | D:1      | Reached XP level 1. HP: 19/19 MP: 0/0
   266 | D:1      | Reached XP level 2. HP: 27/27 MP: 1/1
   478 | D:1      | Reached skill level 1 in Armour
   999 | D:2      | Reached skill level 4 in Long Blades
  1027 | D:2      | Reached XP level 3. HP: 29/33 MP: 2/2
  1146 | D:2      | Noticed Robin
  1154 | D:2      | Killed Robin
  1162 | D:2      | Reached XP level 4. HP: 29/41 MP: 3/3
  1686 | D:2      | Found a burning altar of Makhleb.
  1686 | D:2      | Noticed a blizzard demon
  1701 | D:2      | Noticed Jessica
  1706 | D:2      | Killed Jessica
  1891 | D:3      | Noticed Terence
  1903 | D:3      | Killed Terence
  1903 | D:3      | Reached XP level 5. HP: 44/47 MP: 4/4
  2183 | D:3      | Found a sacrificial altar of Ru.
  2534 | D:3      | Reached skill level 5 in Fighting
  2731 | D:4      | Reached skill level 5 in Long Blades
  2979 | D:4      | Reached XP level 6. HP: 18/56 MP: 2/5
  3245 | D:4      | Found a staircase to the Ecumenical Temple.
  3253 | Temple   | Entered the Ecumenical Temple
  3359 | Temple   | Became a worshipper of Warmaster Okawaru
  3359 | Temple   | Reached * piety under Okawaru
  3359 | Temple   | Reached ** piety under Okawaru
  3528 | D:4      | Got a fine steel ring
  3534 | D:4      | Identified the ring of Tetha {AC+1 Int+4 Dex+2 SInv} (You found it on level 4 of the Dungeon)
  3692 | D:4      | Found Acrieror's Distillery.
  3699 | D:4      | Bought a potion of heal wounds for 70 gold pieces
  3764 | D:4      | Reached skill level 5 in Dodging
  3847 | D:4      | Found Onuilec's Magic Scroll Shop.
  4085 | D:5      | Entered Level 5 of the Dungeon
  4085 | D:5      | Found a shimmering altar of Xom.
  4202 | D:5      | Reached XP level 7. HP: 19/62 MP: 0/6
  4425 | D:4      | Reached skill level 6 in Long Blades
  4712 | D:5      | Reached *** piety under Okawaru
  4712 | D:5      | Reached skill level 5 in Armour
  4789 | D:5      | Reached XP level 8. HP: 59/71 MP: 5/7
  5310 | D:5      | Found a glowing golden altar of the Shining One.
  5444 | D:6      | Reached skill level 7 in Long Blades
  5534 | D:6      | Noticed SpeedyPerson7's ghost (novice MiBe)
  5586 | D:6      | Killed SpeedyPerson7's ghost
  5975 | D:6      | Found an iron altar of Okawaru.
  6339 | D:6      | Reached **** piety under Okawaru
  6750 | D:7      | Reached XP level 9. HP: 66/81 MP: 4/8
  6756 | D:7      | Reached skill level 8 in Long Blades
  6822 | D:7      | Found a sparkling altar of Nemelex Xobeh.
  6923 | D:7      | Noticed Joseph
  6945 | D:7      | Killed Joseph
  7101 | D:7      | Found an ornate altar of the Wu Jian Council.
  7601 | D:8      | Reached ***** piety under Okawaru
  7621 | D:8      | Found Zaocsuq's General Store.
  7724 | D:8      | Found Lugod's Assorted Antiques.
  7790 | D:8      | Found Test's Magic Scroll Shop.
  7852 | D:8      | Found Ymaulu Iroann's Assorted Antiques.
  7980 | D:8      | Reached skill level 9 in Long Blades
  8198 | D:8      | Reached skill level 1 in Bows
  8217 | D:8      | Found Iday's Gadget Shoppe.
  8311 | D:8      | Paralysed by a hornet for 1 turns
  8735 | D:9      | Reached XP level 10. HP: 91/91 MP: 9/9
  9134 | D:9      | Found a hazy altar of Hepliaklqana.
  9335 | D:10     | Entered Level 10 of the Dungeon
  9335 | D:10     | Noticed Maurice
  9339 | D:10     | Killed Maurice
  9339 | D:10     | Received a gift from Okawaru
  9339 | D:10     | Reached skill level 10 in Long Blades
  9464 | D:10     | Noticed Snorg
  9479 | D:10     | Killed Snorg
  9607 | D:10     | Noticed Psyche
  9616 | D:10     | Killed Psyche
  9618 | D:10     | Reached ****** piety under Okawaru
  9741 | D:10     | Noticed Harold
  9753 | D:10     | Killed Harold
  9753 | D:10     | Reached skill level 10 in Fighting
  9753 | D:10     | Reached skill level 11 in Long Blades
 10072 | D:11     | Found a labyrinth entrance.
 10093 | D:11     | Found a staircase to the Lair.
 10097 | D:11     | Received a gift from Okawaru
 10110 | D:11     | Reached XP level 11. HP: 80/100 MP: 7/10
 10151 | Lab      | Entered a labyrinth
 10349 | Lab      | Noticed a minotaur
 10359 | Lab      | Killed a minotaur
 10386 | Lab      | Identified Sif Muna's Handbook of Moulding and Toxins
 10480 | D:11     | Noticed an unseen horror
 10484 | D:11     | Noticed an unseen horror
 10486 | D:11     | Killed an unseen horror
 10526 | D:11     | Killed an unseen horror
 10555 | D:11     | Reached skill level 5 in Bows
 10557 | D:11     | Reached skill level 10 in Armour
 10631 | D:11     | Noticed an orc knight
 10632 | D:11     | Noticed an orc knight
 10685 | D:11     | Reached skill level 12 in Long Blades
 10702 | D:11     | Killed an orc knight
 10711 | D:11     | Killed an orc knight
 10821 | D:11     | Reached skill level 10 in Dodging
 10933 | D:11     | Found a roughly hewn altar of Beogh.
 10933 | D:11     | Found a staircase to the Orcish Mines.
 10991 | D:11     | Noticed a two-headed ogre
 10998 | D:11     | Killed a two-headed ogre
 10998 | D:11     | Received a gift from Okawaru
 11001 | D:11     | Got a crude cloak {god gift}
 11012 | D:11     | Identified the +0 cloak of Cowardice {Int+5 SInv} (Okawaru gifted it to you on level 11 of the Dungeon)
 11419 | D:12     | Found Ytzegesu's Jewellery Boutique.
 11556 | D:12     | Found Vowuc's Armour Boutique.
 11719 | D:12     | Found Axigub's Antique Armour Boutique.
 11793 | D:12     | Noticed a two-headed ogre
 11798 | D:12     | Killed a two-headed ogre
 11798 | D:12     | Reached XP level 12. HP: 99/110 MP: 9/11
 11913 | D:12     | Reached skill level 13 in Long Blades
 12240 | D:13     | Noticed a centaur warrior
 12245 | D:13     | Killed a centaur warrior
 12308 | D:13     | Noticed a vault guard
 12318 | D:13     | Received a gift from Okawaru
 12326 | D:13     | Got a dazzling hunting sling {god gift}
 12329 | D:13     | Killed a vault guard
 12338 | D:13     | Identified the +1 hunting sling "Zodid" {flame, +Fly rC- MR+++ Str-4} (Okawaru gifted it to you on level 13 of the Dungeon)
 12382 | D:13     | Noticed a two-headed ogre
 12386 | D:13     | Killed a two-headed ogre
 12455 | D:13     | Reached skill level 14 in Long Blades
 12619 | D:13     | Received a gift from Okawaru
 12665 | D:13     | Found a gate to the Vaults.
 12878 | D:14     | Noticed a seven-headed hydra
 12888 | D:14     | Killed a ten-headed hydra
 13075 | D:14     | Reached XP level 13. HP: 95/118 MP: 9/12
 13141 | D:14     | Received a gift from Okawaru
 13229 | D:14     | Received a gift from Okawaru
 13310 | D:14     | HP: 1/119 [enormous slime creature (42)]
 13627 | D:14     | Received a gift from Okawaru
 13883 | D:14     | Reached skill level 15 in Long Blades
 14183 | D:15     | Entered Level 15 of the Dungeon
 14251 | D:15     | Noticed an ettin
 14522 | D:15     | Received a gift from Okawaru
 14691 | D:15     | Found a staircase to the Depths.
 14707 | D:15     | HP: 3/119 [ettin/dire flail (24)]
 14711 | D:15     | Slain by an unseen horror

Vault maps used:
D:1:      lightli_arrival_isolated_outpost, minivault_27
D:2:      makhleb_altar_promises_db, uniq_jessica, uniq_robin
D:3:      first_ration, hangedman_ru_absence, uniq_terence
D:4:      minmay_temple_entry_grid, serial_shops, shop, kennysheep_mini
D:5:      nicolae_overflow_crystal_walls, basic_altar, kennysheep_generic_room_5
D:6:      kennysheep_okawaru_gauntlet
D:7:      nemelex_xobeh_ov_fountains_minmay, lemuel_coloured_pillars_altar,
          uniq_joseph
D:8:      serial_shops, kennysheep_little_box, shop, shop, shop,
          nicolae_shop_trees
D:9:      marbit_many_paths
D:10:     uniq_snorg, uniq_harold, uniq_psyche, uniq_maurice
D:11:     erik_lair_orcish_takeover, david_orc_5, lab_entry_generic
D:12:     serial_shops, nicolae_shop_trees, nicolae_shop_overgrown_old_shop,
          nicolae_shop_statue_plus
D:13:     david_vaults_5
D:14:     minmay_misc_feat_enclosed, grunt_livestock
D:15:     hangedman_depths_entry_civil_slaughter
Temple:   dpeg_five_rooms_temple
Lab:      labyrinth_green, nicolae_lab_x, labyrinth_lava_lair,
          nicolae_lab_grate_2

Skill      XL: |  1  2  3  4  5  6  7  8  9 10 11 12 13 |
---------------+----------------------------------------+-----
Armour         | 1 2 3 4 5 6 8 9 10 11 12 | 12.3
Fighting       | 4 5 6 7 9 10 11 12 | 12.8
Long Blades    | 4 5 6 7 9 11 12 14 15 | 15.5
Dodging        | 4 5 6 7 8 9 10 11 | 11.9
Bows           | 1 4 6 7 8 |  8.8
Stealth        | |  1.5

Action                   |  1- 3 |  4- 6 |  7- 9 | 10-12 | 13-15 || total
-------------------------+-------+-------+-------+-------+-------++-------
Melee: Falchion          |    61 |   179 |   349 |    33 |       ||   622
       Headbutt          |    11 |    43 |   103 |   130 |    62 ||   349
       Great sword       |       |       |       |   328 |       ||   328
       Triple sword      |       |       |       |    28 |   159 ||   187
Throw: Tomahawk          |       |       |    12 |       |       ||    12
Invok: Heroism           |       |       |     1 |       |       ||     1
Evoke: Wand              |       |       |       |     1 |       ||     1
       Phantom mirror    |       |       |       |     1 |       ||     1
  Use: Potion            |       |     2 |       |       |     2 ||     4
       Scroll            |       |       |    19 |    12 |     2 ||    33
 Stab: Sleeping          |     4 |       |       |     2 |     1 ||     7
  Eat: Chunk             |     1 |    10 |    10 |    14 |     6 ||    41
       Ration            |       |       |     1 |     1 |       ||     2
Armor: Robe              |     3 |       |       |       |       ||     3
       Scale mail        |    16 |    80 |   104 |       |       ||   200
       Ring mail         |       |       |     9 |    17 |       ||    26
       Troll leather arm |       |       |       |    73 |    40 ||   113
Dodge: Dodged            |    44 |   146 |   235 |   479 |   216 ||  1120
       Rpst.: Falchion   |    14 |    47 |    64 |     8 |       ||   133
       Great sword       |       |       |       |    99 |     1 ||   100
       Triple sword      |       |       |       |     9 |    56 ||    65

Table legend:
 A = Spawn XP
 B = Non-spawn XP
 C = Spawn XP percentage of total XP
 D = Spawn monster count
 E = Non-spawn monster count
 F = Spawn count percentage of total count
 G = Total turns spent on level
                    A         B        C        D         E        F      G
               +---------+---------+-------+---------+---------+-------+---------
         Total |       0 |   55592 |   0.0 |       0 |     385 |   0.0 | 14711
               +---------+---------+-------+---------+---------+-------+---------
           D:1 |       0 |      30 |   0.0 |       0 |      17 |   0.0 |   951
           D:2 |       0 |     139 |   0.0 |       0 |      24 |   0.0 |   864
           D:3 |       0 |     109 |   0.0 |       0 |       9 |   0.0 |  1106
           D:4 |       0 |     595 |   0.0 |       0 |      34 |   0.0 |  1224
           D:5 |       0 |     822 |   0.0 |       0 |      27 |   0.0 |  1055
           D:6 |       0 |     874 |   0.0 |       0 |       8 |   0.0 |  1292
           D:7 |       0 |    1210 |   0.0 |       0 |      30 |   0.0 |   806
           D:8 |       0 |    1530 |   0.0 |       0 |      19 |   0.0 |  1106
           D:9 |       0 |    1393 |   0.0 |       0 |      15 |   0.0 |   727
          D:10 |       0 |    3451 |   0.0 |       0 |      10 |   0.0 |   737
          D:11 |       0 |    7731 |   0.0 |       0 |      58 |   0.0 |  1028
          D:12 |       0 |    5527 |   0.0 |       0 |      24 |   0.0 |   665
          D:13 |       0 |   11426 |   0.0 |       0 |      46 |   0.0 |   909
          D:14 |       0 |   12848 |   0.0 |       0 |      42 |   0.0 |  1391
          D:15 |       0 |    7280 |   0.0 |       0 |      21 |   0.0 |   384
           Lab |       0 |     627 |   0.0 |       0 |       1 |   0.0 |   262
               +---------+---------+-------+---------+---------+-------+---------
